 Dungeon Crawl Stone Soup version 0.14-a0-2986-gd1872aa (webtiles) character file.

252 Quh the Sneak (level 4, -1/21 HPs)
             Began as a Spriggan Enchanter on Mar 6, 2014.
             Slain by a gnoll
             ... wielding a +0,+0 whip
              (3 damage)
             ... while paralysed by Grinder
             ... on Level 3 of the Dungeon.
             The game lasted 00:11:33 (2630 turns).

Quh the Sneak (Spriggan Enchanter)                  Turns: 2630, Time: 00:11:33

HP  -1/21        AC  3     Str  5      XL: 4   Next: 45%
MP  11/12        EV  4     Int 16      God:
Gold 153         SH  0     Dex 16      Spells:  2 memorised,  5 levels left

rFire  . . .     SeeInvis +     a - +1 dagger
rCold  . . .     Clarity  .     b - +1 robe
rNeg   . . .     Conserve .     (shield restricted)
rPois  .         rCorr    +     (helmet restricted)
rElec  .         rRot     .     (no cloak)
SustAb . .       Spirit   .     (gloves unavailable)
rMut   .         Warding  .     (boots unavailable)
Saprov . . .     Stasis   .     o - amulet of resist corrosion {unknown}
MR     .....                    (no ring)
                                (no ring)

@: paralysed, very quick, not resistant to hostile enchantments, quite stealthy
A: unfitting armour, see invisible, herbivore 3, speed 3, slow metabolism 2
a: no special abilities


You were on level 3 of the Dungeon.
You were not hungry.

You visited 1 branch of the dungeon, and saw 3 of its levels.

You collected 153 gold pieces.

Inventory:

Hand weapons
 a - a +1,+1 dagger (weapon)
Missiles
 d - 12 darts (quivered)
Armour
 b - a +1 robe (worn)
Comestibles
 i - a bread ration
 l - a pear
 q - 2 apples
Scrolls
 f - a scroll of random uselessness {unknown}
 j - a scroll of immolation {unknown}
 k - a scroll of amnesia {unknown}
 m - 2 scrolls of identify {unknown}
 n - a scroll of fear {unknown}
 p - 2 scrolls of magic mapping {unknown}
 r - a scroll of recharging {unknown}
 s - a scroll of enchant weapon I {unknown}
Jewellery
 o - an amulet of resist corrosion (around neck) {unknown}
Potions
 e - a potion of porridge
 g - 2 potions of curing {unknown}
 h - a potion of might {unknown}
Books
 c - a book of Maledictions

   Spells                             Type                      Level
   *Corona                            Hexes                        1
   Sure Blade                         Hexes/Charms                 2
   *Ensorcelled Hibernation           Hexes/Ice                    2
   Confuse                            Hexes                        3
   Enslavement                        Hexes                        4
   Invisibility                       Hexes                        6


   Skills:
 * Level 3.5 Short Blades
 - Level 1.1 Throwing
 - Level 3.0 Dodging
 * Level 4.7 Stealth
 - Level 2.6 Spellcasting
 + Level 4.2 Hexes


You had 5 spell levels left.
You knew the following spells:

 Your Spells              Type           Power        Failure   Level  Hunger
a - Corona                Hex            ###....      4%          1    #......
b - Ensorcelled Hibernat  Hex/Ice        #.....       14%         2    ##.....


Dungeon Overview and Level Annotations

Branches:
Dungeon (3/16)

Altars:

Annotations:
D:3 Grinder


Innate Abilities, Weirdness & Mutations

You are tiny and cannot use many weapons and most armour.
You have supernaturally acute eyesight.
You are a herbivore.
You cover ground extremely quickly.
You need consume almost no food.


Message History

Grinder gestures at you.
You struggle to resist.
The gnoll picks up 18 darts.
There is a stone staircase leading up here.
You hit Grinder.
Grinder is lightly wounded.
Grinder hits you.
You writhe in agony.
You closely miss Grinder.
Grinder is lightly wounded.
Grinder closely misses you.
There is a stone staircase leading up here.
Grinder gestures at you. Pain shoots through your body!
The gnoll throws a dart.
The dart misses you.
There is a stone staircase leading up here.
Grinder gestures at you.
You suddenly lose the ability to move!
The gnoll hits you but does no damage.
The gnoll hits you from afar with a halberd!
* * * LOW HITPOINT WARNING * * *
Grinder hits you but does no damage. The gnoll hits you with a whip.
You die...

....#. ### .....#.##..
...... ..#.# .......
#.#.# # ....... #.#.#####
.# .......##.#.#...#####
.# .>.........#......#..
..#
####.#.....###.##.##..#
#####.#@gg.).[..##.#....
........g5..........gg...
#####.....#.###.####g...
#######.....# ....
####### #.## .# .# #


You could see Grinder and 3 gnolls.

Vanquished Creatures
  Terence (D:2)
  4 adders (D:2)
  2 worms (D:2)
  2 giant cockroaches (D:1)
  10 jackals (D:1)
  6 bats (D:1)
  2 giant newts (D:1)
  A goblin (D:1)
  7 kobolds
  A quokka (D:2)
  4 rats
  2 plants (D:1)
42 creatures vanquished.

Notes
Turn   | Place    | Note
--------------------------------------------------------------
     0 | D:1      | Quh, the Spriggan Enchanter, began the quest for the Orb.
     0 | D:1      | Reached XP level 1. HP: 9/9 MP: 4/4
   297 | D:1      | Reached XP level 2. HP: 13/13 MP: 7/7
   303 | D:1      | Learned a level 2 spell: Ensorcelled Hibernation
   867 | D:1      | Reached XP level 3. HP: 13/16 MP: 3/9
  1874 | D:2      | Reached skill level 4 in Stealth
  2173 | D:2      | Noticed Terence
  2177 | D:2      | Killed Terence
  2177 | D:2      | Reached XP level 4. HP: 21/21 MP: 8/12
  2597 | D:3      | Noticed Grinder
  2629 | D:3      | Paralysed by Grinder for 3 turns
  2630 | D:3      | Slain by a gnoll

Action                   |  1- 3 |  4- 6 || total
-------------------------+-------+-------++-------
Melee: Dagger            |   532 |     7 ||   539
 Cast: Corona            |     3 |       ||     3
       Ensorcelled Hiber |    23 |     4 ||    27
 Stab: Sleeping          |    20 |     5 ||    25
